 Dungeon Crawl Stone Soup version 0.29-a0-925-g0a7a3d12f8 (webtiles) character file.

Game seed: 1829154803655986869

85 Essalna the Insei (level 4, 0/30 HPs)
             Began as an Octopode Transmuter on July 29, 2022.
             Slain by an iguana (11 damage)
             ... on level 4 of the Dungeon.
             The game lasted 00:05:37 (2250 turns).

Essalna the Insei (Octopode Transmuter)             Turns: 2250, Time: 00:05:38

Health: 0/30       AC:  1    Str:  9    XL:     4   Next: 48%
Magic:  6/7        EV: 17    Int: 17    God:
Gold:   128        SH:  5    Dex: 12    Spells: 2/7 levels left

rFire   . . .      SeeInvis .     - Unarmed
rCold   . . .      Faith    .   (no shield)
rNeg    . . .      Spirit   .   (helmet currently unavailable)
rPois   .          Reflect  +   c - amulet of reflection
rElec   .          Harm     .   i - +4 ring of evasion
rCorr   .          Rampage  .   (no ring)
Will    .....                   (no ring)
Stlth   ++........              (no ring)
HPRegen 0.10/turn               (no ring)
MPRegen 0.10/turn               (no ring)
                                (no ring)
                                (no ring)

@: appendages
A: tentacle spike 3, almost no armour, amphibious, 8 rings, camouflage 1,
gelatinous body 1, (nimble swimmer 1), tentacles
a: End Transformation


You were on level 4 of the Dungeon.
One of your tentacles had grown a beastly spike.
You visited 1 branch of the dungeon, and saw 4 of its levels.

You collected 128 gold pieces.

Inventory:

Jewellery
 c - an amulet of reflection (around mantle)
 i - a +4 ring of evasion (left tentacle)
 m - an amulet of faith
Scrolls
 e - a scroll of enchant armour
 f - 3 scrolls of identify
 g - 2 scrolls of butterflies
 k - 2 scrolls of vulnerability
 l - a scroll of magic mapping {unknown}
Potions
 a - a potion of lignification
 b - a potion of resistance
 d - 2 potions of curing {unknown}
 h - 2 potions of cancellation {unknown}
 j - a potion of brilliance {unknown}
 o - 2 potions of haste {unknown}
 q - 2 potions of degeneration {unknown}
 r - a potion of might {unknown}


   Skills:
 + Level 2.4 Fighting
 - Level 2.0 Dodging
 + Level 3.8 Unarmed Combat
 - Level 2.0 Spellcasting
 + Level 3.1 Transmutations
 + Level 0.0 Ice Magic


You had 2 spell levels left.
You knew the following spells:

 Your Spells              Type           Power      Damage    Failure   Level
a - Beastly Appendage     Tmut           24%        N/A       5%          1
b - Ice Form              Ice/Tmut       6%         N/A       71%         4

Your spell library contained the following spells:

 Spells                   Type           Power      Damage    Failure   Level
 Wereblood                Tmut           12%        N/A       9%          2
 Necrotise                Necr           4%         1d4       19%         1
 Spider Form              Tmut/Pois      6%         N/A       30%         3
 Ignite Poison            Fire/Tmut/Pois 5%         N/A       36%         3
 Mephitic Cloud           Conj/Pois/Air  1%         N/A       50%         3
 Vampiric Draining        Necr           1%         2d6       50%         3
 Agony                    Necr           1%         N/A       99%         5
 Freezing Cloud           Conj/Ice/Air   0%         6-21      99%         5


Dungeon Overview and Level Annotations

Branches:
Dungeon (4/15)
 Temple: D:4-7

Altars:


Innate Abilities, Weirdness & Mutations

One of your tentacles has grown a beastly spike.
You cannot wear most types of armour.
You are amphibious.
You can wear up to eight rings at the same time.
Your skin changes colour to match your surroundings (Stealth+).
Your rubbery body absorbs attacks. (AC +1, EV +1)
((You are camouflaged when in or above water. (Stealth+)))
You have tentacles for arms and can constrict up to eight enemies at once.


Message History

Your transformation is almost over.
Things that are here:
a +0 short sword; a +0 leather armour This spell is astonishingly dangerous to cast!
Memorise Ice Form, consuming 4 spell levels and leaving 2?
You start memorising the spell.
You continue memorising. x4
You finish memorising.
Spell assigned to 'b'.
Your tentacle spike disappears.
l - a scroll labelled CUIPUI VIMOUTE An iguana comes into view.
Found a stone staircase leading down.
The iguana hisses angrily.
You hear a shout! x3
One of your tentacles grows a vicious spike.
A goblin comes into view. It is wielding a +0 club.
You extend your transformation's duration.
The goblin shouts!
An orc comes into view. It is wielding a +0 club.
You tentacle-slap the iguana but do no damage.
Your grab misses the iguana.
Your tentacle spike misses the iguana.
You block the iguana's attack.
You tentacle-slap the iguana. Your grab misses the iguana.
The iguana is lightly wounded.
The iguana misses you.
You barely miss the iguana. Your grab misses the iguana.
The iguana is lightly wounded.
The iguana bites you.
You tentacle-slap the iguana. You grab the iguana.
The iguana is moderately wounded.
You constrict the iguana. The iguana bites you.
You tentacle-slap the iguana.
You pierce the iguana.
You squeeze the iguana, but do no damage.
The iguana is heavily wounded.
You constrict the iguana. The iguana bites you!
You tentacle-slap the iguana but do no damage.
The iguana is heavily wounded.
You constrict the iguana. The iguana closely misses you.
You barely miss the iguana.
The iguana is severely wounded.
You constrict the iguana. The iguana bites you!
You die...

#....## .# ##.....####...
##............ o #..........#
... #........# .
....###........###...#
>...!.....)og#.....# #######
..#.....#l##..#.#.##......
#.#...#@.#..#.#.........
...#..###.##.#.####....<.
........###...........>....
.....................##...)..
...$..#.#.####.............##
.##.......# #...........#†..
...#..### #............... ..
... #................
#................


You could see an iguana, an orc and a goblin.

Vanquished Creatures
  An iguana (D:4)
  2 dart slugs (D:1)
  An orc (D:4)
  4 ball pythons (D:1)
  5 endoplasms
  2 giant cockroaches (D:1)
  4 goblins
  10 hobgoblins
  3 jackals (D:1)
  5 kobolds
  3 bats (D:1)
  3 frilled lizards
  2 rats (D:1)
45 creatures vanquished.

Vanquished Creatures (others)
  A fungus (D:3)
1 creature vanquished.

Grand Total: 46 creatures vanquished

Notes
Turn   | Place    | Note
-------+----------+-------------------------------------------
     0 | D:1      | Essalna the Octopode Transmuter began the quest for the
                  | Orb.
     0 | D:1      | Reached XP level 1. HP: 13/13 MP: 3/3
   119 | D:1      | Reached XP level 2. HP: 14/18 MP: 3/5
   762 | D:1      | Reached XP level 3. HP: 24/24 MP: 4/6
  2174 | D:4      | Reached XP level 4. HP: 30/30 MP: 5/7
  2184 | D:4      | Learned a level 4 spell: Ice Form
  2250 | D:4      | Slain by an iguana

Illustrated notes

Levels and vault maps discovered:
D:1:      mrwooster_arrival_statue_2, layout_rooms, minmay_pentomino_u2
D:2:      layout_basic, serial_bayou_crossing
D:3:      layout_rooms, shapermc_ecumenical_altar_rom_forum
D:4:      layout_rooms, mainiacjoe_overflow_paths, gammafunk_ghost_necromancy

Skill      XL: |  1  2  3 |
---------------+----------+-----
Fighting       | 2 |  2.4
Transmutations | 3 |  3.1
Dodging        | |  2.0
Unarmed Combat | |  3.8
Spellcasting   | |  2.0

Action                   |  1- 3 |  4- 6 || total
-------------------------+-------+-------++-------
Melee: Unarmed           |   108 |     9 ||   117
       Constrict         |    32 |     2 ||    34
       Tentacles         |    19 |     1 ||    20
       Punch             |     3 |       ||     3
       Kick              |    25 |     2 ||    27
 Cast: Beastly Appendage |    23 |     2 ||    25
  Use: Scroll            |     9 |       ||     9
 Stab: Sleeping          |     4 |       ||     4
Armor: Skin              |    14 |       ||    14
Dodge: Dodged            |    83 |     2 ||    85
Block: Other             |     1 |     1 ||     2

Table legend: (Time is in decaauts)
 A = Elapsed time spent in this place.
 B = Non-inter-level travel time spent in this place.
 C = Inter-level travel time spent in this place.
 D = Time resting spent in this place.
 E = Time spent auto-exploring this place.
 F = Levels seen in this place.
 G = Mean time per level.
                   A        B        C        D        E       F      G
               +--------+--------+--------+--------+--------+-----+--------+
         Total |   2243 |   2184 |     59 |      0 |   1744 |   4 |  560.8 |
       Dungeon |   2243 |   2184 |     59 |      0 |   1744 |   4 |  560.8 |
               +--------+--------+--------+--------+--------+-----+--------+

Top non-repeatable levels by time:
     D:1: 1027 daAuts
     D:2: 669 daAuts
     D:4: 274 daAuts
     D:3: 271 daAuts
